 Dungeon Crawl Stone Soup version 0.24.0-125-gc4c63601f3 (webtiles) character file.

Game seed: 13673884045791056885, levelgen mode: deterministic

2508 Curus the Cruncher (level 9, 0/91 HPs)
             Began as a Demonspawn Gladiator on Mar 11, 2020.
             Was a Believer of Trog.
             Slain by Harold
             ... wielding a +4 broad axe
              (30 damage)
             ... on level 8 of the Dungeon.
             The game lasted 00:31:12 (7224 turns).

Curus the Cruncher (Demonspawn Gladiator)           Turns: 7224, Time: 00:31:13

Health: 0/91       AC: 15    Str: 20    XL:     9   Next: 28%
Magic:  0/9        EV: 13    Int:  9    God:    Trog [**....]
Gold:   136        SH:  0    Dex: 18    Spells: 8/8 levels left

rFire    . . .     SeeInvis +   s - +3 quarterstaff (chaos)
rCold    . . .     Gourm    .   (shield currently unavailable)
rNeg     + . .     Faith    .   b - +1 leather armour
rPois    .         Spirit   +   (helmet restricted)
rElec    .         Reflect  .   p - +2 cloak
rCorr    .         Harm     .   m - +1 pair of gloves
MR       .....                  t - +1 pair of boots
Stlth    ..........             (no amulet)
HPRegen  0.25/turn              l - ring of positive energy
MPRegen  0.22/turn              r - ring of see invisible

@: berserking, very quick
A: horns 1, icy blue scales 2, demonic guardian 1, shaggy fur 1, magic shield,
magic regeneration
a: Berserk, Trog's Hand, Renounce Religion


You were on level 8 of the Dungeon.
You worshipped Trog.
Trog was pleased with you.
You were hungry.

You visited 2 branches of the dungeon, and saw 9 of its levels.

You collected 406 gold pieces.
You spent 270 gold pieces at shops.

Inventory:

Hand Weapons
 a - a +0 quarterstaff
 s - a +3 quarterstaff of chaos (weapon)
Missiles
 d - 3 throwing nets (quivered)
Armour
 b - a +1 leather armour (worn)
 c - a +0 helmet
 m - a +1 pair of gloves (worn)
 o - a cursed -2 ring mail
 p - a +2 cloak (worn)
 t - a +1 pair of boots (worn)
Jewellery
 l - a ring of positive energy (left hand)
 q - an uncursed ring of ice
 r - a ring of see invisible (right hand)
Wands
 k - a wand of flame (10)
Scrolls
 e - 4 scrolls of remove curse
 g - 9 scrolls of identify
 h - 5 scrolls of teleportation
 v - a scroll of fear
Potions
 i - a potion of agility
 j - 4 potions of curing
 n - a potion of berserk rage
 u - a potion of cancellation
 w - a potion of heal wounds
Comestibles
 f - 13 rations


   Skills:
 - Level 2.0 Fighting
 + Level 11.6 Staves
 - Level 1.7 Throwing
 - Level 2.6 Dodging


You had 8 spell levels left.
You didn't know any spells.
Your spell library contained the following spells:

 Spells                   Type           Power        Failure   Level  Hunger
 Beastly Appendage        Tmut           #.....       43%         1    ##.....
 Sticks to Snakes         Tmut           #.......     58%         2    ###....
 Spider Form              Tmut/Pois      #.........   82%         3    ####...
 Ice Form                 Ice/Tmut       #.......     99%         4    #####..
 Blade Hands              Tmut           #.........   100%        5    ######.


Dungeon Overview and Level Annotations

Branches:
Dungeon (8/15)             Temple (1/1) D:4
   Lair: D:8-11

Altars:
Ashenzari
Cheibriados
Dithmenos
Elyvilon
Fedhas
Gozag
Hepliaklqana
Kikubaaqudgha
Makhleb
Nemelex Xobeh
Okawaru
Qazlal
Ru
Sif Muna
Trog
Uskayaw
Vehumet
Wu Jian
Xom
Yredelemnul
Zin
The Shining One

Shops:
D:6 *

Annotations:
D:6 exclusion: statue
D:8 Harold


Innate Abilities, Weirdness & Mutations

You have a pair of small horns on your head.
You are mostly covered in icy blue scales. (AC +3)
A weak demonic guardian rushes to your aid.
When hurt, damage is shared between your health and your magic reserves.
You regenerate magic rapidly.
You are covered in fur. (AC +1)


Message History

Harold is moderately wounded.
You barely miss Harold. You headbutt Harold, but do no damage.
Harold is moderately wounded.
Harold hits you with a +4 broad axe!!
You sock Harold!
Harold goes berserk!
Harold is moderately wounded.
Harold barely misses you.
You barely miss Harold.
Harold is moderately wounded.
Harold hits you with a +4 broad axe!
A red film seems to cover your vision as you go berserk!
You feel yourself moving faster!
You feel mighty!
You are feeling hungry.
Harold hits you with a +4 broad axe!
You barely miss Harold. You headbutt Harold.
Harold is heavily wounded.
You hit Harold. Your headbutt misses Harold.
Harold is heavily wounded.
Harold hits you with a +4 broad axe!!
You die...

#.......#....##....##+##
#.......+....#........#.
#.......#....#........#.
#.......#....#........+.
#.......#....#......>.##
##......##...'........##
........##...#.....<....
.............##.......##
......@@.(...##.....†.##
......5......#..........
.............#..........
..$.....##...#..........
.........#####....######
#+###.... ##...##..##
##### #..........
#.......... #..........


You could see Harold (berserk) and a friendly iron imp.

Vanquished Creatures
  Psyche (D:8)
  Sigmund (D:6)
  An ice beast (D:8)
  3 orc warriors
  A phantom (D:7)
  2 sky beasts
  2 ogres
  2 bullfrogs
  A big kobold (D:8)
  3 scorpions
  4 wights (D:7)
  A centaur zombie (D:7)
  A crimson imp (D:5)
  A jelly (D:5)
  Crazy Yiuf (D:6)
  A bullfrog zombie (D:7)
  3 orc priests
  3 hounds
  An iguana (D:8)
  3 orc wizards
  7 worker ants
  A hound skeleton (D:6)
  8 adders
  3 oozes
  An adder zombie (D:5)
  A worm (D:2)
  5 dart slugs
  A leopard gecko (D:6)
  19 orcs
  6 bats
  3 giant cockroaches
  10 goblins
  22 hobgoblins
  8 jackals
  10 kobolds
  2 quokkas (D:2)
  7 ball pythons
  8 frilled lizards
  A quokka skeleton (D:4)
  6 rats
  3 rat zombies (D:5)
168 creatures vanquished.

Vanquished Creatures (collateral kills)
  A bullfrog skeleton (D:5)
  A worker ant (D:4)
  An orc (D:6)
3 creatures vanquished.

Grand Total: 171 creatures vanquished

Notes
Turn   | Place    | Note
-------+----------+-------------------------------------------
     0 | D:1      | Curus the Demonspawn Gladiator began the quest for the Orb.
     0 | D:1      | Reached XP level 1. HP: 16/16 MP: 1/1
    34 | D:1      | Reached skill level 3 in Staves
   303 | D:1      | Gained mutation: When hurt, damage is shared between your
                  | health and your magic reserves. [demonic ancestry]
   303 | D:1      | Reached XP level 2. HP: 22/22 MP: 2/2
   731 | D:1      | Reached XP level 3. HP: 21/27 MP: 3/3
  1040 | D:2      | Reached skill level 4 in Staves
  1279 | D:2      | Gained mutation: You are covered in fur. (AC +1) [potion of
                  | mutation]
  1279 | D:2      | Gained mutation: You have a pair of small horns on your
                  | head. [potion of mutation]
  1535 | D:2      | Gained mutation: You regenerate magic rapidly. [demonic
                  | ancestry]
  1535 | D:2      | Reached XP level 4. HP: 32/33 MP: 4/4
  2068 | D:3      | Reached skill level 5 in Staves
  2073 | D:3      | Gained mutation: A weak demonic guardian rushes to your
                  | aid. [demonic ancestry]
  2073 | D:3      | Reached XP level 5. HP: 10/38 MP: 3/5
  2792 | D:4      | Found a hazy altar of Hepliaklqana.
  3138 | D:4      | Found a staircase to the Ecumenical Temple.
  3156 | D:4      | Noticed an ogre
  3164 | D:4      | Killed an ogre
  3164 | D:4      | Reached skill level 6 in Staves
  3164 | D:4      | Reached XP level 6. HP: 43/44 MP: 6/6
  3242 | Temple   | Entered the Ecumenical Temple
  3293 | Temple   | Became a worshipper of Trog the Wrathful
  3360 | D:4      | Found a sparkling altar of Nemelex Xobeh.
  3692 | D:4      | Found a burning altar of Makhleb.
  3692 | D:4      | Noticed a blizzard demon
  3695 | D:4      | Noticed a hellwing
  3695 | D:4      | Noticed a hellwing
  3782 | D:5      | Entered Level 5 of the Dungeon
  4160 | D:5      | Reached skill level 7 in Staves
  4236 | D:5      | Mutation became permanent: You have a pair of small horns
                  | on your head. [demonic ancestry]
  4236 | D:5      | Gained mutation: You have a pair of small horns on your
                  | head. [demonic ancestry]
  4236 | D:5      | Reached XP level 7. HP: 41/50 MP: 7/7
  4355 | D:5      | Found an ancient bone altar of Kikubaaqudgha.
  4542 | D:5      | Found a stormy altar of Qazlal.
  4588 | D:5      | Found an iron altar of Okawaru.
  4601 | D:5      | Reached * piety under Trog
  4771 | D:6      | Found a shattered altar of Ashenzari.
  4935 | D:6      | Reached skill level 8 in Staves
  4964 | D:6      | Noticed Sigmund
  4982 | D:6      | Killed Sigmund
  5074 | D:6      | Found Unalogg's Assorted Antiques.
  5077 | D:6      | Bought a shiny marble ring for 135 gold pieces
  5077 | D:6      | Bought a blackened steel ring for 135 gold pieces
  5348 | D:6      | Found a radiant altar of Vehumet.
  5433 | D:6      | Reached skill level 9 in Staves
  5433 | D:6      | Gained mutation: You are partially covered in icy blue
                  | scales. (AC +2) [demonic ancestry]
  5433 | D:6      | Reached XP level 8. HP: 56/56 MP: 6/8
  5563 | D:6      | Found a runed translucent door.
  5564 | D:6      | Noticed Crazy Yiuf
  5703 | D:6      | Killed Crazy Yiuf
  6297 | D:7      | Reached skill level 10 in Staves
  6762 | D:8      | Noticed Psyche
  6791 | D:8      | Reached ** piety under Trog
  6979 | D:8      | Reached skill level 11 in Staves
  6979 | D:8      | Gained mutation: You are mostly covered in icy blue scales.
                  | (AC +3) [demonic ancestry]
  6979 | D:8      | Reached XP level 9. HP: 48/61 MP: 7/9
  7001 | D:8      | Killed Psyche
  7046 | D:8      | Found a snail-covered altar of Cheibriados.
  7070 | D:8      | Found a blossoming altar of Fedhas.
  7207 | D:8      | Noticed Harold
  7224 | D:8      | Slain by Harold

Levels and vault maps discovered:
D:1:      dpeg_arrival_morbid_curiosity, layout_basic,
          minmay_misc_feat_nine_boxes, chequers_hall_statues_wall_a
D:2:      layout_rooms, minmay_randomly_rotated_circles
D:3:      layout_loops_ring
D:4:      layout_loops_ring, makhleb_altar_promises_db, kennysheep_mini_moat,
          lemuel_crystal_altar, minmay_temple_entry_ruins, first_ration
D:5:      layout_cave_pods, lemuel_zombie_altar_kikubaaqudgha,
          nicolae_qazlal_general_emergency, okawaru_altar_gauntlet_db
D:6:      layout_basic, vehumet_statue, cheibrodos_ashenzari_chains,
          serial_shops, kennysheep_mini, uniq_crazy_yiuf_cottage, uniq_sigmund
D:7:      layout_basic
D:8:      layout_gridville, cheibriados_altar_1, overflow_temple_1_default,
          uniq_harold, uniq_psyche
Temple:   dshaligram_water_room_temple

Skill      XL: |  1  2  3  4  5  6  7  8 |
---------------+-------------------------+-----
Staves         | 3 4 5 6 7 9 11 | 11.6
Fighting       | |  2.0
Throwing       | |  1.7
Dodging        | |  2.6

Action                   |  1- 3 |  4- 6 |  7- 9 || total
-------------------------+-------+-------+-------++-------
Melee: Quarterstaff      |   134 |   175 |   247 ||   556
       Headbutt          |     1 |    27 |    57 ||    85
Throw: Throwing net      |       |       |     1 ||     1
Invok: Berserk           |       |       |     4 ||     4
Evoke: Wand              |       |       |     2 ||     2
  Use: Scroll            |     3 |     4 |     6 ||    13
       Potion            |     5 |     4 |     2 ||    11
 Stab: Paralysed         |       |       |     3 ||     3
       Distracted        |       |       |     2 ||     2
       Sleeping          |       |       |     1 ||     1
  Eat: Chunk             |     2 |     5 |    13 ||    20
       Ration            |       |     1 |       ||     1
Armor: Leather armour    |    30 |    40 |    77 ||   147
Dodge: Dodged            |   110 |   102 |   141 ||   353
